 Dungeon Crawl Stone Soup version 0.29.0-11-gd7f09526c8 (webtiles) character file.

Game seed: 13835440778744639784

73 gelatine the Chopper (level 4, -1/34 HPs)
             Began as a Demonspawn Gladiator on Sept 4, 2022.
             Was a Plaything of Xom.
             Killed from afar by an orc wizard (6 damage)
             ... with a magic dart
             ... on level 3 of the Dungeon.
             The game lasted 00:04:07 (2180 turns).

gelatine the Chopper (Demonspawn Gladiator)         Turns: 2180, Time: 00:04:08

Health: -1/34      AC:  4    Str: 17    XL:     4   Next: 8%
Magic:  4/4        EV: 12    Int:  9    God:    Xom [..*...]
Gold:   148        SH:  0    Dex: 14    Spells: 3/3 levels left

rFire   . . .      SeeInvis .   a - +0 war axe
rCold   . . .      Faith    .   (no shield)
rNeg    . . .      Spirit   .   b - +0 leather armour
rPois   .          Reflect  .   (helmet restricted)
rElec   .          Harm     .   (no cloak)
rCorr   .          Rampage  .   (no gloves)
Will    .....                   q - +0 pair of boots
Stlth   +.........              (no amulet)
HPRegen 0.11/turn               (no ring)
MPRegen 0.09/turn               (no ring)

@: mighty
A: antennae 1, condensation shield
a: Renounce Religion


You were on level 3 of the Dungeon.
You worshipped Xom.
You were a toy of Xom.
You visited 1 branch of the dungeon, and saw 3 of its levels.

You collected 148 gold pieces.

Inventory:

Hand Weapons
 a - a +0 war axe (weapon)
Missiles
 e - a javelin (quivered)
 r - 3 curare-tipped darts
Armour
 b - a +0 leather armour (worn)
 c - a +0 helmet
 f - a +0 robe
 m - a +0 scale mail
 p - a +0 ring mail
 q - a +0 pair of boots (worn)
Magical Staves
 i - a staff of earth
 o - a staff of death
Scrolls
 g - a scroll of summoning {unknown}
 h - 4 scrolls of identify {unknown}
 j - a scroll of torment {unknown}
 k - 2 scrolls of vulnerability {unknown}
 n - a scroll of teleportation {unknown}
 s - a scroll of acquirement {unknown}
Potions
 l - 3 potions of heal wounds {unknown}


   Skills:
 + Level 2.7 Fighting
 + Level 3.4 Axes
 + Level 1.9 Throwing
 + Level 1.1 Armour
 + Level 3.0 Dodging
 + Level 0.4 Stealth


You had 3 spell levels left.
You didn't know any spells.
Your spell library contained the following spells:

 Spells                   Type           Power      Damage    Failure   Level
 Ensorcelled Hibernation  Hex/Ice        0%         N/A       58%         2
 Passwall                 Tmut/Erth      0%         N/A       58%         2
 Ignite Poison            Fire/Tmut/Pois 0%         N/A       82%         3
 Mephitic Cloud           Conj/Pois/Air  0%         N/A       82%         3
 Swiftness                Air            0%         N/A       82%         3
 Freezing Cloud           Conj/Ice/Air   0%         6-21      100%        5


Dungeon Overview and Level Annotations

Branches:
Dungeon (3/15)

Altars:
Sif Muna
Xom


Innate Abilities, Weirdness & Mutations

You have a pair of small antennae on your head.
A meltable shield of frost defends you. (SH +0)


Message History

You slash the endoplasm!
You kill the endoplasm!
You barely miss something. You completely miss something.
Something hits you but does no damage. x4
You closely miss something. x2
You hear some strange, mumbled words.
Something tries to affect you, but you resist.
You hear some strange, mumbled words.
A puff of flame appears from out of thin air!
The puff of flame hits you!
Your condensation shield dissipates!
A shower of butterflies erupts from you!
Are you sure you want to stumble around while confused and next to your butterfly? [Y]es or [N]o only, please.
Are you sure you want to stumble around while confused and next to your butterfly? [Y]es or [N]o only, please.
Are you sure you want to stumble around while confused and next to your butterfly?
Something hits you but does no damage. x2
Are you sure you want to stumble around while confused and next to your butterfly?
You barely miss your butterfly. You slash something! You miss something.
Your butterfly disappears in a puff of smoke!
Something hits you. x2
* * * LOW HITPOINT WARNING * * *
Unknown command.
Something hits you.
* * * LOW HITPOINT WARNING * * *
Something hits you but does no damage.
You miss something. You completely miss something.
You feel less confused. Something hits you.
* * * LOW HITPOINT WARNING * * *
Something barely misses you. Something hits you.
* * * LOW HITPOINT WARNING * * *
Something hits you but does no damage.
You barely miss something. x2
You hear some strange, mumbled words.
A magic dart appears from out of thin air!
The magic dart hits you.
You die... "I guess I need a new plaything now."

#. #.#. #... #.#
#...###### #.#
.........# #.# .
.......###### #.# #.
..####)........###.# .#
.......{b.......##.# .
.....b.@{.......##.# #
.#.#.##)###.....##'#####
.. ...###.....#.......
#...#..#.†.....#.......
### #..#.)######.......
#..#...............
#..#..#############
...#..# ##+#


There were no monsters in sight!

Vanquished Creatures
  2 adders
  A worm (D:3)
  A dart slug (D:3)
  3 orcs (D:3)
  2 endoplasms
  4 giant cockroaches
  4 goblins
  2 hobgoblins
  2 quokkas (D:1)
  6 ball pythons
  4 bats
  2 frilled lizards
  4 kobolds
  11 rats
48 creatures vanquished.

Notes
Turn   | Place    | Note
-------+----------+-------------------------------------------
     0 | D:1      | gelatine the Demonspawn Gladiator began the quest for the
                  | Orb.
     0 | D:1      | Reached XP level 1. HP: 16/16 MP: 1/1
   141 | D:1      | Found a faded altar of an unknown god.
   296 | D:1      | Gained mutation: A meltable shield of frost defends you.
                  | (SH +0) [demonic ancestry]
   296 | D:1      | Reached XP level 2. HP: 16/22 MP: 2/2
   811 | D:1      | Prayed at the altar of an unknown god.
   811 | D:1      | Became a worshipper of Xom of Chaos
   893 | D:2      | Gained mutation: You have a pair of small antennae on your
                  | head. [demonic ancestry]
   893 | D:2      | Reached XP level 3. HP: 14/27 MP: 3/3
  1535 | D:2      | Found a shimmering blue altar of Sif Muna.
  2016 | D:3      | Reached skill level 1 in Armour
  2165 | D:3      | Reached XP level 4. HP: 34/34 MP: 4/4
  2166 | D:3      | XOM: potion effect (might)
  2175 | D:3      | XOM: butterfly on damage
  2180 | D:3      | Killed from afar by an orc wizard

Illustrated notes

Levels and vault maps discovered:
D:1:      spicycebolla_arrival_xxxplode, layout_loops_ring,
          ebering_ecumenical_altar_petrified, minmay_quantized
D:2:      layout_loops_ring, basic_altar, minmay_worlds_worst_comb
D:3:      layout_basic, nicolae_kikubaaqudgha_miasma_corner, uniq_terence

Skill      XL: |  1  2  3 |
---------------+----------+-----
Axes           | 3 |  3.4
Dodging        | 3 |  3.0
Armour         | 1 |  1.1
Fighting       | |  2.7
Throwing       | |  1.9
Stealth        | |  0.4

Action                   |  1- 3 |  4- 6 || total
-------------------------+-------+-------++-------
Melee: War axe           |   112 |    10 ||   122
Throw: Throwing net      |     1 |     2 ||     3
 Stab: Sleeping          |     1 |       ||     1
Armor: Leather armour    |    35 |    10 ||    45
Dodge: Dodged            |    82 |     2 ||    84
Block: Other             |    20 |       ||    20
